 Dungeon Crawl Stone Soup version 0.25-a0-458-g6fc7858b95 (webtiles) character file.

Game seed: 11646225830356133053, levelgen mode: deterministic

151 Conn the Conjurer (level 5, -1/33 HPs)
             Began as an Octopode Conjurer on Feb 1, 2020.
             Slain by Sigmund
             ... wielding a +0 scythe
              (2 damage)
             ... on level 2 of the Dungeon.
             The game lasted 00:06:22 (2104 turns).

Conn the Conjurer (Octopode Conjurer)               Turns: 2104, Time: 00:06:23

Health: -1/33      AC:  1    Str:  7    XL:     5   Next: 33%
Magic:  0/8        EV: 13    Int: 18    God:
Gold:   69         SH:  4    Dex: 13    Spells: 2/8 levels left

rFire    . . .     SeeInvis .   f - +2 spear (vamp)
rCold    . . .     Gourm    +   j - +0 buckler
rNeg     . . .     Faith    .   (helmet restricted)
rPois    .         Spirit   .   c - amulet of the gourmand
rElec    .         Reflect  .   i - ring of wizardry
rCorr    .         Harm     .   (no ring)
MR       .....                  (no ring)
Stlth    +++.......             (no ring)
HPRegen  0.11/turn              (no ring)
MPRegen  0.11/turn              (no ring)
                                (no ring)
                                (no ring)

@: hasted, very quick
A: almost no armour, stealthy swim, amphibious, 8 rings, constrict 8, camouflage
1, gelatinous body 1
a: no special abilities


You were on level 2 of the Dungeon.
You were very full.

You visited 1 branch of the dungeon, and saw 2 of its levels.

You collected 69 gold pieces.

Inventory:

Hand Weapons
 f - a +2 vampiric spear (weapon)
 g - a +0 short sword
Armour
 j - a +0 buckler (worn)
Jewellery
 c - an amulet of the gourmand (around mantle)
 i - a ring of wizardry (left tentacle)
Scrolls
 a - 2 scrolls of identify
 d - a scroll of amnesia
 k - 2 scrolls of remove curse
Comestibles
 b - 3 rations
 l - 2 chunks of flesh


   Skills:
 * Level 1.2 Fighting
 + Level 1.4 Polearms
 + Level 2.4 Dodging
 + Level 3.4 Stealth
 * Level 2.0 Shields
 + Level 0.1 Unarmed Combat
 * Level 2.3 Spellcasting
 * Level 4.7 Conjurations


You had 2 spell levels left.
You knew the following spells:

 Your Spells              Type           Power        Failure   Level  Hunger
a - Magic Dart            Conj           ###.         1%          1    #......
b - Searing Ray           Conj           ###...       1%          2    ##.....
c - Dazzling Flash        Conj/Hex       ##....       11%         3    ###....

Your spell library contained the following spells:

 Spells                   Type           Power        Failure   Level  Hunger
 Fulminant Prism          Conj/Hex       ##........   32%         4    #####..
 Iskenderun's Mystic Bla  Conj/Tloc      ##......     32%         4    #####..


Dungeon Overview and Level Annotations

Branches:
Dungeon (2/15)

Altars:

Annotations:
D:2 Sigmund


Innate Abilities, Weirdness & Mutations

You cannot wear most types of armour.
You are very stealthy in the water. (Stealth+)
You are amphibious.
You can wear up to eight rings at the same time.
You can use your tentacles to constrict eight enemies at once.
Your skin changes colour to match your surroundings (Stealth+).
Your rubbery body absorbs attacks. (AC +1, EV +1)


Message History

Unknown command.
You hit something.
You feel better. Something hits you.
You miss something. The hobgoblin closely misses you.
You hit something. You squeeze something.
The hobgoblin hits you with a +0 club.
You closely miss something. Your squeeze misses something. Something hits you!
* * * LOW HITPOINT WARNING * * *
You closely miss something. The hobgoblin hits you with a +0 club.
* * * LOW HITPOINT WARNING * * *
Unknown command.
Casting: Searing Ray (safe; 1% risk of failure)
Confirm with . or Enter, or press ? or * to list all spells.
Aiming: Magic Dart (safe; 1% risk of failure)
Press: ? - help, Shift-Dir - straight line The magic dart hits something.
Something hits you.
* * * LOW HITPOINT WARNING * * *
The hobgoblin barely misses you.
You hit something. You closely miss something. Your squeeze misses something.
Something hits you.
You die...

.....................รท...........
########...............#.########
..... ..........................
..## #..............#.....#### ..#
###....#####.........# ..#
#.............#>...# ..#
#.....####.#..#<...# ..#
######.#..#.##.#...## ..#
#......g@)#. ..#.... ###
#......##{## ###..### #......$ ...
#......# .### #......# .. #......#
.# #......# .# ######. .#


You could see a hobgoblin.

Vanquished Creatures
  Natasha (thrice) (D:2)
  2 adders (D:2)
  A worm (D:1)
  2 dart slugs
  5 leopard geckos
  A ball python (D:1)
  A giant cockroach (D:2)
  9 hobgoblins
  2 jackals (D:1)
  4 bats
  2 frilled lizards
  5 goblins
  3 kobolds (D:1)
  8 rats
48 creatures vanquished.

Notes
Turn   | Place    | Note
-------+----------+-------------------------------------------
     0 | D:1      | Conn the Octopode Conjurer began the quest for the Orb.
     0 | D:1      | Reached XP level 1. HP: 11/11 MP: 3/3
   236 | D:1      | Reached XP level 2. HP: 10/17 MP: 1/5
   598 | D:1      | Reached XP level 3. HP: 11/21 MP: 6/6
   882 | D:1      | Learned a level 2 spell: Searing Ray
   886 | D:1      | Learned a level 3 spell: Dazzling Flash
  1488 | D:2      | Reached skill level 1 in Polearms
  1488 | D:2      | Reached XP level 4. HP: 19/27 MP: 5/7
  1606 | D:2      | Noticed Natasha
  1611 | D:2      | Killed Natasha
  1611 | D:2      | Reached skill level 1 in Fighting
  1612 | D:2      | Reached skill level 1 in Shields
  1671 | D:2      | Noticed Natasha
  1681 | D:2      | Killed Natasha
  1826 | D:2      | Reached XP level 5. HP: 17/33 MP: 5/8
  1948 | D:2      | Noticed Natasha
  1954 | D:2      | Killed Natasha
  2084 | D:2      | Noticed Sigmund
  2102 | D:2      | HP: 1/33 [something (6)]
  2104 | D:2      | Slain by Sigmund

Levels and vault maps discovered:
D:1:      evilmike_arrival_run_for_it, layout_basic, minivault_5,
          minmay_split_cup_small
D:2:      layout_basic, uniq_natasha, uniq_terence, uniq_sigmund

Skill      XL: |  1  2  3  4  5 |
---------------+----------------+-----
Stealth        | 3 |  3.4
Polearms       | 1 |  1.4
Fighting       | 1 |  1.2
Shields        | 1 2 |  2.0
Dodging        | |  2.4
Unarmed Combat | |  0.1
Spellcasting   | |  2.3
Conjurations   | |  4.7

Action                   |  1- 3 |  4- 6 || total
-------------------------+-------+-------++-------
Melee: Spear             |    63 |    28 ||    91
       Constrict         |    17 |     3 ||    20
       Unarmed           |     2 |       ||     2
       Tentacles         |    11 |     2 ||    13
       Punch             |     1 |       ||     1
 Cast: Magic Dart        |    25 |     3 ||    28
       Searing Ray       |       |     5 ||     5
       Dazzling Flash    |       |     1 ||     1
  Use: Scroll            |     2 |     3 ||     5
       Potion            |       |     2 ||     2
 Stab: Sleeping          |     3 |       ||     3
  Eat: Chunk             |    12 |     2 ||    14
Armor: Skin              |     7 |     2 ||     9
Dodge: Dodged            |    38 |    14 ||    52
Block: Buckler           |     3 |     4 ||     7

Table legend:
 A = Non-vault XP
 B = Vault XP
 C = Vault XP percentage of total XP
 D = Non-vault monster count
 E = Vault monster count
 F = Vault count percentage of total count
                 A         B        C        D         E       F
            +---------+---------+-------+---------+---------+-------
      Total |     171 |      45 |  20.8 |      43 |       5 |  10.4
            +---------+---------+-------+---------+---------+-------
        D:1 |      44 |       9 |  17.0 |      24 |       4 |  14.3
        D:2 |     127 |      36 |  22.1 |      19 |       1 |   5.0
            +---------+---------+-------+---------+---------+-------
